Map: Disco Bloodbath LE

Players

Elazer

  • Race: Zerg Zerg
  • Spawn Location: 3:00

Trap - Winner!

  • Race: Protoss Protoss
  • Spawn Location: 9:00

Event: 2019 WCS Global FInals

VOD

Have the link to the VOD?

Description

Time

  • Played on: Oct. 27, 2019, 4:43 a.m.
  • Length: 16:48

All games in this series

Show
View Real Time Build Order
Export as new Build Order

Elazer Zerg 

Build Orders: Hatch First, Brood Lord Corruptor 

Get SALT Encoding   

  12  0:00  Drone  
  13  0:12  Overlord  
  13  0:16  Drone  
  14  0:30  Drone x2  
  16  0:47  Hatchery  
  15  0:51  Drone  
  15  0:54  Drone  
  17  0:57  Drone  
  18  1:08  Extractor  
  17  1:12  Spawning Pool  
  17  1:15  Drone  
  17  1:19  Drone  
  18  1:28  Drone  
  19  1:38  Drone  
  20  1:49  Drone  
  21  2:00  Zergling x2, Queen x2  
  21  2:01  Overlord  
  26  2:11  Drone, Zergling x2  
  28  2:21  Drone x2  
  30  2:31  Hatchery  
  30  2:33  Drone x2  
  31  2:40  Queen  
  33  2:44  Metabolic Boost  
  33  2:49  Overlord  
  33  2:53  Drone  
  33  2:54  Drone  
  33  2:57  Drone  
  36  3:06  Overlord  
  36  3:07  Drone  
  36  3:08  Drone x2  
  36  3:11  Drone  
  36  3:12  Drone  
  41  3:14  Drone  
  41  3:19  Queen  
  42  3:23  Overlord  
  44  3:28  Drone x2  
  44  3:29  Drone  
  47  3:37  Drone  
  48  3:42  Drone x4  
  48  3:45  Spore Crawler x2  
  48  3:48  Spore Crawler  
  49  3:49  Overlord  
  49  3:51  Zergling x2  
  49  3:54  Zergling x2  
  51  3:56  Drone  
  51  4:01  Queen  
  54  4:03  Drone  
  54  4:04  Drone  
  54  4:05  Drone  
  54  4:08  Drone x2  
  58  4:13  Drone x2  
  58  4:15  Drone  
  61  4:18  Overlord  
  61  4:22  Zergling x2  
  62  4:24  Drone x2  
  62  4:29  Overlord  
  62  4:30  Drone x2  
  66  4:32  Lair  
  66  4:38  Overlord  
  66  4:40  Queen  
  66  4:43  Extractor  
  66  4:44  Extractor  
  65  4:45  Roach Warren  
  65  4:46  Drone  
  65  4:48  Drone x3  
  65  4:51  Drone x2  
  70  4:54  Drone x2  
  70  4:55  Drone  
  70  4:56  Drone  
  70  4:58  Drone x2  
  76  5:03  Drone x2  
  76  5:06  Zergling x2  
  79  5:10  Overlord  
  78  5:16  Drone  
  78  5:17  Drone x3  
  76  5:24  Drone x7  
  76  5:25  Drone  
  84  5:31  Overlord  
  84  5:34  Extractor  
  83  5:36  Glial Reconstitution  
  83  5:39  Evolution Chamber, Zergling x4  
  83  5:42  Zergling x2  
  85  5:48  Drone x5  
  82  5:57  Drone x5  
  82  6:02  Overlord, Extractor  
  82  6:03  Roach x3  
  89  6:09  Zerg Missile Weapons Level 1  
  89  6:13  Hatchery, Roach x3  
  89  6:18  Extractor  
  93  6:19  Baneling Nest  
  93  6:20  Drone x2  
  93  6:21  Drone x2  
  93  6:24  Drone x2  
  98  6:31  Drone x3  
  100  6:33  Drone x2  
  100  6:36  Drone  
  102  6:40  Drone x3  
  102  6:41  Infestation Pit  
  104  6:50  Overlord, Drone x4  
  104  6:53  Drone, Pneumatized Carapace  
  109  6:55  Drone  
  109  6:59  Drone x2  
  112  7:03  Roach  
  112  7:04  Overlord  
  112  7:06  Centrifical Hooks  
  114  7:08  Overlord  
  114  7:10  Hatchery, Roach x4  
  121  7:16  Overlord  
  121  7:22  Zergling x2  
  122  7:24  Overlord  
  122  7:25  Overlord  
  122  7:28  Hive  
  121  7:30  Spire  
  121  7:31  Extractor  
  121  7:32  Drone x2  
  121  7:33  Drone  
  128  7:37  Extractor, Roach x7  
  128  7:40  Overlord  
  128  7:43  Zergling x6  
  138  7:44  Ravager x2  
  138  7:45  Ravager  
  138  7:47  Zergling x2  
  138  7:48  Zergling x4  
  144  7:53  Zergling x2  
  144  7:59  Spore Crawler  
  144  8:02  Zergling x18  
  151  8:09  Zergling x10  
  155  8:19  Overlord  
  155  8:22  Zerg Melee Weapons Level 1  
  155  8:25  Evolution Chamber, Zergling x22  
  155  8:26  Baneling  
  155  8:27  Baneling x6  
  165  8:33  Overlord  
  161  8:35  Overlord  
  161  8:38  Drone  
  161  8:39  Drone x2  
  163  8:41  Adrenal Glands  
  163  8:42  Corruptor x3  
  163  8:46  Greater Spire, Zergling x12  
  152  8:57  Zergling x14  
  152  9:00  Corruptor  
  159  9:04  Baneling x8  
  159  9:05  Baneling x9  
  159  9:09  Zergling x12  
  165  9:11  Zergling x4  
  167  9:19  Zerg Missile Weapons Level 2  
  167  9:21  Drone  
  167  9:22  Drone  
  167  9:23  Zergling x14  
  175  9:26  Zergling x6  
  175  9:30  Baneling x3  
  171  9:38  Zergling x2  
  171  9:39  Zergling x18  
  171  9:45  Zergling x6  
  164  9:53  Roach x6  
  166  10:02  Zergling x10  
  149  10:07  Zergling x12  
  141  10:14  Roach x4  
  141  10:20  Roach x3  
  135  10:28  Drone x4  
  127  10:31  Drone x3  
  127  10:32  Queen x2  
  128  10:40  Brood Lord x4  
  128  10:41  Baneling x5  
  128  10:42  Roach x3  
  142  10:43  Ravager x2  
  142  10:44  Zergling x2  
  142  10:45  Zergling x2  
  142  10:48  Zergling x6  
  149  11:01  Pathogen Glands  
  149  11:04  Corruptor x2  
  149  11:07  Hatchery  
  149  11:08  Overlord x2  
  152  11:16  Corruptor x2  
  156  11:22  Overlord x2  
  156  11:23  Overlord  
  154  11:35  Corruptor  
  154  11:37  Zergling x28  
  170  11:45  Zergling x8  
  170  11:46  Zergling x6  
  167  11:49  Brood Lord x3  
  167  11:51  Zergling x2  
  167  11:52  Zergling x2  
  173  11:57  Zergling x4  
  173  12:02  Spire  
  168  12:09  Zergling x14  
  170  12:16  Drone x2  
  170  12:19  Overlord  
  169  12:31  Infestor x9  
  169  12:32  Hatchery  
  175  12:40  Zergling x6  
  171  12:47  Zergling x10  
  175  12:53  Roach x4  
  155  13:23  Zerg Melee Weapons Level 2  
  155  13:24  Zerg Missile Weapons Level 3, Greater Spire  
  155  13:26  Drone x2  
  155  13:27  Drone x2  
  142  13:31  Infestor x3  
  148  13:35  Zergling x16  
  148  13:36  Hatchery  
  155  13:56  Zergling x2  
  155  14:01  Spawning Pool  
  153  14:07  Corruptor  
  153  14:08  Corruptor x2  
  155  14:15  Infestor  
  155  14:16  Infestor  
  159  14:30  Drone x10  
  164  14:39  Extractor  
  164  14:44  Extractor, Brood Lord x3  
  168  14:46  Drone x4  
  161  15:02  Roach x6  
  161  15:06  Baneling x7  
  161  15:07  Baneling  
  147  15:34  Spawning Pool  
  150  15:35  Roach x3  
  150  15:36  Roach x5  
  150  15:39  Roach  
  148  15:57  Roach  
  148  15:58  Roach x4  
  151  16:12  Hatchery  
  150  16:18  Corruptor  
Show
View Real Time Build Order
Export as new Build Order

Trap Protoss - Winner!

Build Orders: 1 Gate Expand, Oracle Opening, Phoenix Opening, Archon Immortal 

Get SALT Encoding   

  12  0:00  Probe  
  13  0:12  Probe  
  14  0:18  Pylon  
  14  0:24  Probe  
  15  0:36  Probe (Chrono Boost)  
  16  0:43  Gateway  
  16  0:46  Probe (Chrono Boost)  
  16  0:47  Assimilator  
  17  0:51  Probe (Chrono Boost)  
  18  1:03  Probe  
  19  1:15  Probe  
  20  1:24  Nexus  
  20  1:32  Cybernetics Core  
  20  1:35  Probe  
  21  1:43  Assimilator  
  21  1:48  Probe  
  21  1:52  Pylon  
  22  2:00  Probe (Chrono Boost)  
  23  2:10  Adept  
  23  2:12  Probe (Chrono Boost)  
  26  2:16  Stargate  
  26  2:20  Probe (Chrono Boost)  
  27  2:25  Warp Gate  
  27  2:27  Probe (Chrono Boost)  
  28  2:36  Probe (Chrono Boost)  
  28  2:40  Adept  
  32  2:44  Probe (Chrono Boost)  
  32  2:45  Probe (Chrono Boost)  
  32  2:50  Probe x2  
  33  2:58  Phoenix (Chrono Boost)  
  34  3:02  Probe x2  
  34  3:04  Pylon  
  38  3:12  Oracle (Chrono Boost)  
  38  3:14  Probe x2  
  43  3:23  Gateway  
  43  3:26  Probe x2  
  45  3:32  Assimilator  
  45  3:33  Assimilator  
  45  3:38  Probe  
  45  3:39  Probe  
  45  3:40  Oracle (Chrono Boost)  
  47  3:47  Pylon  
  50  3:49  Pylon  
  50  3:50  Probe  
  50  3:51  Probe  
  52  4:02  Robotics Facility  
  52  4:03  Probe  
  52  4:04  Probe  
  54  4:11  Oracle (Chrono Boost)  
  54  4:17  Probe x2  
  59  4:18  Adept x2  
  63  4:25  Pylon  
  63  4:46  Immortal (Chrono Boost), Sentry  
  63  4:47  Probe, Sentry  
  63  4:48  Probe  
  73  4:57  Nexus  
  73  4:58  Pylon  
  73  5:01  Pylon  
  73  5:02  Probe  
  73  5:04  Probe  
  75  5:18  Probe x2  
  77  5:24  Observer (Chrono Boost), Forge  
  77  5:25  Twilight Council, Sentry  
  77  5:26  Sentry  
  82  5:31  Shield Battery, Probe x2  
  84  5:37  Immortal (Chrono Boost)  
  84  5:42  Pylon  
  88  5:44  Probe x2  
  86  6:03  Probe x2  
  85  6:05  Protoss Ground Weapons Level 1 (Chrono Boost)  
  85  6:08  Gateway, Charge  
  85  6:09  Gateway  
  85  6:12  Gateway  
  85  6:13  Gateway, Probe  
  85  6:15  Probe x2  
  88  6:22  Templar Archives  
  88  6:25  Zealot x2  
  89  6:27  Probe (Chrono Boost)  
  89  6:31  Probe x2 (Chrono Boost)  
  91  6:38  Probe (Chrono Boost)  
  94  6:41  Assimilator  
  94  6:42  Assimilator, Probe x2 (Chrono Boost)  
  94  6:43  Pylon, Probe (Chrono Boost)  
  95  6:48  Pylon  
  95  6:51  Probe x2  
  97  6:55  Gateway  
  97  6:56  Gateway  
  97  7:03  High Templar x3  
  97  7:07  Zealot x2, High Templar  
  109  7:09  Photon Cannon  
  109  7:11  Pylon, Archon  
  109  7:13  Observer  
  109  7:14  Archon  
  109  7:15  Probe x3  
  112  7:16  Photon Cannon  
  112  7:18  Warp Prism (Chrono Boost)  
  114  7:31  Shield Battery  
  114  7:38  Nexus  
  114  7:40  Pylon  
  114  7:46  High Templar x2  
  114  7:47  Observer, Zealot x2, High Templar x2  
  126  7:54  Zealot x2  
  126  7:57  Pylon  
  130  7:59  Pylon  
  130  8:02  Immortal  
  132  8:10  Probe x2  
  132  8:11  Probe  
  135  8:13  Photon Cannon  
  135  8:14  Photon Cannon  
  135  8:16  Photon Cannon  
  135  8:19  Archon x2  
  135  8:21  Zealot x3  
  141  8:33  Protoss Ground Weapons Level 2 (Chrono Boost)  
  141  8:36  Stalker x3  
  147  8:43  Zealot x4  
  147  8:45  Zealot  
  157  8:54  Immortal  
  159  9:01  High Templar x3  
  157  9:03  Probe x3  
  157  9:04  Probe  
  157  9:05  High Templar  
  157  9:06  High Templar  
  157  9:09  Archon, High Templar  
  167  9:10  Archon  
  167  9:13  Gateway  
  167  9:14  Archon  
  167  9:15  Gateway  
  167  9:16  Photon Cannon  
  167  9:25  Zealot  
  167  9:26  Zealot  
  171  9:36  Zealot x3  
  177  9:40  Zealot  
  176  9:57  Warp Prism (Chrono Boost)  
  176  9:59  Zealot x7  
  152  10:07  Zealot x2  
  152  10:12  Probe x4  
  142  10:20  Zealot x8  
  138  10:24  Immortal (Chrono Boost)  
  106  10:36  Assimilator  
  106  10:37  Assimilator  
  106  10:40  Robotics Bay, High Templar x3  
  106  10:41  High Templar x3  
  106  10:42  Zealot x2, High Templar x2  
  120  10:45  Archon x2  
  120  10:46  Archon x2  
  124  10:56  Gateway  
  124  11:04  Protoss Ground Armor Level 1  
  124  11:10  Blink (Chrono Boost), High Templar x2  
  128  11:13  Immortal (Chrono Boost), Zealot x6  
  128  11:14  Zealot x2  
  128  11:15  Archon  
  148  11:37  Psionic Storm  
  148  11:38  Pylon  
  148  11:40  Zealot x8  
  148  11:43  Immortal (Chrono Boost)  
  162  11:49  Fleet Beacon  
  152  11:59  Gravitic Drive  
  140  12:02  High Templar x3  
  140  12:03  Zealot x6  
  140  12:08  Archon  
  152  12:11  Warp Prism (Chrono Boost)  
  146  12:22  Nexus  
  146  12:24  Photon Cannon, Zealot  
  146  12:26  High Templar x2  
  146  12:27  High Templar  
  134  12:52  High Templar x2  
  134  12:56  Stalker x5  
  143  13:01  Stalker x3  
  148  13:06  Nexus  
  141  13:24  Warp Prism (Chrono Boost)  
  141  13:25  High Templar  
  141  13:26  Zealot x4, High Templar x3  
  141  13:27  Zealot x2  
  147  13:30  Zealot  
  147  13:33  Archon x2  
  147  13:34  Archon  
  150  13:54  Zealot x7  
  164  13:56  Nexus  
  164  13:59  Zealot x3  
  164  14:00  Zealot  
  138  14:17  Stalker x2  
  138  14:18  Stalker x8  
  138  14:28  Stalker x4  
  138  14:29  Stalker x7  
  156  14:36  Observer (Chrono Boost)  
  155  14:42  Pylon  
  155  14:48  Warp Prism (Chrono Boost)  
  157  14:53  Zealot x7  
  143  15:26  Stalker x7  
  143  15:27  Stalker x2  
  149  15:49  High Templar x5  
  159  15:50  High Templar x3  
  163  16:03  Archon x3  
  151  16:04  Archon  
  151  16:14  Stalker x3  
  151  16:17  Stargate  
  153  16:27  Zealot  
  153  16:28  Zealot x3  
Tags
 
Add a new tag
Caveats
  • Supply blocks, unpowered buildings, or Contaminate may cause inaccurate times.
  • Supply counts are checked every 10 seconds.